 Dungeon Crawl Stone Soup version 0.29-a0-515-g7c1fb6cc08 (webtiles) character file.

Game seed: 11132400197425032133

264 Querens the Conjurer (level 5, -9/28 HPs)
             Began as a Deep Elf Conjurer on May 30, 2022.
             Killed by nerve-wracking pain
             ... invoked by Grinder
              (14 damage)
             ... on level 5 of the Dungeon.
             The game lasted 00:09:29 (2190 turns).

Querens the Conjurer (Deep Elf Conjurer)            Turns: 2190, Time: 00:09:29

Health: -9/28      AC:  4    Str:  7    XL:     5   Next: 98%
Magic:  10/15      EV: 12    Int: 25    God:
Gold:   281        SH:  0    Dex: 19    Spells: 4/15 levels left

rFire   + . .      SeeInvis .   l - +5 dagger
rCold   . . .      Faith    .   (no shield)
rNeg    . . .      Spirit   .   u - +1 leather armour of Death's Door {rF+ Str+3}
rPois   .          Reflect  .   (no helmet)
rElec   .          Harm     .   q - scarf {shadows}
rCorr   +          Rampage  .   (no gloves)
Will    .....                   (no boots)
Stlth   ++........              p - amulet of magic regeneration
HPRegen 0.09/turn               n - ring of resist corrosion
MPRegen 0.54/turn               s - +6 ring of dexterity

@: brilliant, very slightly contaminated
A: no striking features
a: no special abilities


You were on level 5 of the Dungeon.
You visited 1 branch of the dungeon, and saw 5 of its levels.

You collected 281 gold pieces.

Inventory:

Hand Weapons
 l - a +5 dagger (weapon)
Armour
 a - a +0 robe
 q - a scarf of shadows (worn)
 u - the +1 leather armour of Death's Door (worn) {rF+ Str+3}
   (You found it on level 4 of the Dungeon)

   Str:       It affects your strength (+3).
   rF:        It protects you from fire.
Jewellery
 c - an amulet of reflection
 n - a ring of resist corrosion (left hand)
 p - an amulet of magic regeneration (around neck)
 s - a +6 ring of dexterity (right hand)
Scrolls
 e - 2 scrolls of teleportation {unknown}
 j - 2 scrolls of identify {unknown}
 o - a scroll of fog {unknown}
 r - a scroll of magic mapping {unknown}
 t - a scroll of enchant armour {unknown}
Potions
 b - 4 potions of magic
 d - 2 potions of curing {unknown}
 f - 2 potions of haste {unknown}
 g - a potion of attraction {unknown}
 h - 3 potions of berserk rage {unknown}
 i - a potion of flight {unknown}
 k - 3 potions of brilliance
 m - 2 potions of heal wounds {unknown}


   Skills:
 - Level 2.4 Dodging
 - Level 2.4 Stealth
 + Level 5.9 Spellcasting
 + Level 6.1 Conjurations
 + Level 2.3 Translocations


You had 4 spell levels left.
You knew the following spells:

 Your Spells              Type           Power      Damage    Failure   Level
a - Magic Dart            Conj           100%       1d8       1%          1
b - Searing Ray           Conj           100%       2d8       1%          2
c - Iskenderun's Mystic   Conj/Tloc      42%        2d10      21%         4
d - Fulminant Prism       Conj/Hex       17%        3d11      32%         4

Your spell library contained the following spells:

 Spells                   Type           Power      Damage    Failure   Level
 Dazzling Flash           Conj/Hex       68%        N/A       10%         3
 Sting                    Tmut/Pois      44%        1d5       12%         1
 Poisonous Vapours        Pois/Air       22%        N/A       17%         2
 Olgreb's Toxic Radiance  Pois           11%        N/A       75%         4


Dungeon Overview and Level Annotations

Branches:
Dungeon (5/15)
 Temple: D:4-7

Altars:
Gozag

Shops:
D:3 (

Annotations:
D:3 3 runed translucent doors, emergency's ghost, weakling DsCA
D:4 Sat's ghost, amateur MiBe
D:5 Grinder


Message History

Sat's ghost screams in joy, "As in life, so in death: Kill!
Kill!!
Kill!!!"
There is a stone staircase leading down here.
You climb downwards.
You hear the sound of rushing water.
There is an entrance to a sewer on this level.
Hurry and find it before the portal rusts away!
Reactivating autopickup.
Found a scroll labelled AHATUKHISUX and 12 gold pieces.
Found a stone staircase leading down.
There is a stone staircase leading up here.
The helpless Grinder fails to defend herself.
You puncture Grinder!
Grinder is moderately wounded.
Grinder completely misses you.
Casting: Iskenderun's Mystic Blast (extremely dangerous; 21% risk of failure)
Confirm with . or Enter, or press ? or * to list all spells.
The spell is extremely dangerous to miscast (21% risk of failure)!
Continue anyway?
You miscast Iskenderun's Mystic Blast.
You are very lightly contaminated with residual magic.
Nothing appears to happen.
Grinder barely misses you.
Unknown command.
Unknown command.
Unknown command.
Casting: Iskenderun's Mystic Blast (extremely dangerous; 21% risk of failure)
Confirm with . or Enter, or press ? or * to list all spells.
The spell is extremely dangerous to miscast (21% risk of failure)!
Continue anyway?
You miscast Iskenderun's Mystic Blast.
Nothing appears to happen.
Grinder gestures at you.
You suddenly lose the ability to move!
Grinder completely misses you. Grinder hits you but does no damage.
Grinder hits you!
* * * LOW HITPOINT WARNING * * *
You can move again.
Unknown command.
It was a potion of brilliance.
You feel clever all of a sudden. Grinder gestures at you.
Pain shoots through your body!
Ouch! That really hurt!
You die...

#####$.##.
.....>...#
.........#
..?......#
.........#
.........#
......@5.#
#######.....#
.####. .# ##


You could see Grinder.

Vanquished Creatures
  A phantom (D:4)
  A hound (D:4)
  An orc priest (D:4)
  3 gnolls (D:2)
  2 adders
  2 dart slugs
  3 orcs (D:4)
  10 endoplasms
  2 giant cockroaches (D:1)
  9 goblins
  7 hobgoblins
  5 jackals
  5 kobolds
  3 quokkas
  10 ball pythons
  2 bats
  4 frilled lizards (D:2)
  10 rats
80 creatures vanquished.

Notes
Turn   | Place    | Note
-------+----------+-------------------------------------------
     0 | D:1      | Querens the Deep Elf Conjurer began the quest for the Orb.
     0 | D:1      | Reached XP level 1. HP: 10/10 MP: 6/6
   121 | D:1      | Reached XP level 2. HP: 15/15 MP: 1/8
   257 | D:1      | Learned a level 2 spell: Searing Ray
   492 | D:1      | Found a faded altar of an unknown god.
   526 | D:1      | Reached skill level 5 in Conjurations
   526 | D:1      | Reached XP level 3. HP: 14/19 MP: 0/10
   953 | D:2      | Reached XP level 4. HP: 22/24 MP: 5/12
   957 | D:2      | You fall into a shaft and drop 1 floor!
  1026 | D:3      | Found a runed translucent gate.
  1026 | D:3      | Found a runed translucent gate.
  1026 | D:3      | Found a runed translucent gate.
  1031 | D:3      | Noticed a scorpion
  1031 | D:3      | Noticed emergency's ghost (weakling DsCA)
  1345 | D:3      | Learned a level 4 spell: Iskenderun's Mystic Blast
  1350 | D:3      | Learned a level 4 spell: Fulminant Prism
  1376 | D:3      | Reached skill level 5 in Spellcasting
  1463 | D:3      | Found Wamayngo's Antique Weapon Emporium.
  1619 | D:4      | Reached skill level 1 in Translocations
  1619 | D:4      | Reached XP level 5. HP: 23/28 MP: 11/14
  1867 | D:4      | Noticed a phantom
  1873 | D:4      | Killed a phantom
  1874 | D:4      | Reached skill level 6 in Conjurations
  1923 | D:4      | Identified the +1 leather armour of Death's Door {rF+
                  | Str+3}
  2137 | D:4      | Found a runed translucent gate.
  2137 | D:4      | Found a runed translucent gate.
  2137 | D:4      | Found a runed translucent gate.
  2138 | D:4      | Found an opulent altar of Gozag.
  2139 | D:4      | Noticed Sat's ghost (amateur MiBe)
  2183 | D:5      | Entered Level 5 of the Dungeon
  2183 | D:5      | Noticed Grinder
  2186 | D:5      | Paralysed by Grinder for 4 turns
  2190 | D:5      | Killed from afar by Grinder

Illustrated notes

Levels and vault maps discovered:
D:1:      dpeg_arrival_tiny_c, layout_loops_ring,
          nicolae_ecumenical_snake_handling, minmay_rat_gold_closets
D:2:      layout_rooms, minmay_pentomino_r4
D:3:      layout_rooms, gammafunk_ghost_split, serial_shops,
          nicolae_shop_behind_doors, hex_tiny, minmay_vboxes
D:4:      minmay_clustersquares, layout_basic, ebering_ghost_gozag,
          serial_corexii_hall, corexii_hall_statues_x, corexii_hall_statues_x
D:5:      black_bear_nest_1, layout_rooms, cheibrodos_sewer_entry_drain,
          minivault_11, uniq_crazy_yiuf_cottage, uniq_grinder

Skill      XL: |  1  2  3  4  5 |
---------------+----------------+-----
Spellcasting   | 4 5 |  5.9
Conjurations   | 5 6 |  6.1
Translocations | 1 2 |  2.3
Dodging        | |  2.4
Stealth        | |  2.4

Action                   |  1- 3 |  4- 6 || total
-------------------------+-------+-------++-------
Melee: Mace              |    13 |       ||    13
       Dagger            |    15 |    11 ||    26
       Punch             |     1 |       ||     1
 Cast: Magic Dart        |    39 |    15 ||    54
       Searing Ray       |     5 |    12 ||    17
       Iskenderun's Myst |       |     3 ||     3
  Use: Potion            |       |     1 ||     1
 Stab: Sleeping          |     4 |     4 ||     8
Armor: Robe              |     4 |       ||     4
       Leather armour    |       |     2 ||     2
Dodge: Dodged            |    26 |    13 ||    39
Block: Other             |     7 |       ||     7
       Reflection        |     1 |       ||     1

Table legend: (Time is in decaauts)
 A = Elapsed time spent in this place.
 B = Non-inter-level travel time spent in this place.
 C = Inter-level travel time spent in this place.
 D = Time resting spent in this place.
 E = Time spent auto-exploring this place.
 F = Levels seen in this place.
 G = Mean time per level.
                   A        B        C        D        E       F      G
               +--------+--------+--------+--------+--------+-----+--------+
         Total |   2192 |   2117 |     75 |      0 |      0 |   5 |  438.4 |
       Dungeon |   2192 |   2117 |     75 |      0 |      0 |   5 |  438.4 |
               +--------+--------+--------+--------+--------+-----+--------+

Top non-repeatable levels by time:
     D:1: 767 daAuts
     D:4: 586 daAuts
     D:2: 458 daAuts
     D:3: 373 daAuts
     D:5: 6 daAuts
